 Dungeon Crawl Stone Soup version 0.31.0-32-g396128a36d (webtiles) character file.

Game seed: 10372607086639836771

507 NotreDorf the Apothecary (level 7, -2/52 HPs)
             Began as a Merfolk Alchemist on Mar 19, 2024.
             Succumbed to a water moccasin's poison
             ... on level 5 of the Dungeon.
             The game lasted 00:26:34 (4054 turns).

NotreDorf the Apothecary (Merfolk Alchemist)        Turns: 4054, Time: 00:26:34

Health: -2/52      AC:  5    Str:  6 (8)  XL:     7   Next: 18%
Magic:  21/21      EV: 13    Int: 14 (17) God:
Gold:   102        SH:  0    Dex: 11 (14) Spells: 2/12 levels left

rFire   . . .        p - +0 trident (spect)
rCold   . . .        (no shield)
rNeg    + . .        a - +0 robe
rPois   .            (no helmet)
rElec   .            (no cloak)
rCorr   .            o - +2 pair of gloves
SInv    .            (no boots)
Will    .....        (no amulet)
Stlth   ++           s - ring of positive energy
HPRegen 0.28/turn    v - ring of magical power
MPRegen 0.17/turn

%: no passive effects
@: lethally poisoned (-2 -> -20)
A: (nimble swimmer 2), mertail
a: no special abilities


You were on level 5 of the Dungeon.
You visited 1 branch of the dungeon, and saw 5 of its levels.

You collected 191 gold pieces.
You spent 89 gold pieces at shops.

Inventory:

Hand Weapons
 c - a +0 short sword
 p - a +0 spectral trident (weapon)
Armour
 a - a +0 robe (worn)
 o - a +2 pair of gloves (worn)
Jewellery
 s - a ring of positive energy (left hand)
 u - a ring of resist corrosion
 v - a ring of magical power (right hand)
 x - a ring of ice
Wands
 m - a wand of digging (4)
 q - a wand of quicksilver (8)
Scrolls
 d - a scroll of teleportation
 e - a scroll of torment {unknown}
 g - 2 scrolls of vulnerability {unknown}
 h - a scroll of revelation {unknown}
 i - a scroll of fog {unknown}
 j - a scroll of silence {unknown}
 l - a scroll of summoning
 n - 2 scrolls of fear {unknown}
 t - a scroll of brand weapon
 w - a scroll of blinking {unknown}
Potions
 b - a potion of magic
 f - 2 potions of haste
 k - 2 potions of enlightenment
 z - a potion of attraction


   Skills:
 + Level 3.0 Fighting
 + Level 2.6 Polearms
 + Level 4.9 Dodging
 + Level 4.2 Stealth
 + Level 3.3 Spellcasting
 - Level 0.7 Conjurations
 + Level 5.7 Alchemy


You had 2 spell levels left.
You knew the following spells:

 Your Spells              Type           Power      Damage    Failure   Level
a - Sting                 Conj/Alch      44%        1d5       5%          1
b - Mercury Vapours       Alch/Air       20%        N/A       10%         2
c - Mephitic Cloud        Conj/Alch/Air  8%         N/A       26%         3
d - Olgreb's Toxic Radia  Alch           18%        N/A       21%         4

Your spell library contained the following spells:

 Spells                   Type           Power      Damage    Failure   Level
 Inner Flame              Hex/Fire       2%         N/A       52%         3
 Sticky Flame             Fire/Alch      10%        2d5       54%         4
 Flame Wave               Conj/Fire      3%         2d5       87%         4


Dungeon Overview and Level Annotations

Branches:
Dungeon (5/15)
 Temple: D:4-7

Altars:
Elyvilon
Gozag
Yredelemnul

Shops:
D:3 [(:(?

Annotations:
D:3 1 runed translucent door, Crazy Yiuf


Innate Abilities, Weirdness & Mutations

((You are very nimble when in or above water. (Stealth+, EV+, Speed+++)))
Your lower body shifts to a powerful aquatic tail in water.


Message History

The water moccasin poisons you! The water moccasin bites you.
You hit the water moccasin.
The water moccasin is moderately wounded.
Your +0 spectral trident closely misses the water moccasin.
You feel very sick. The water moccasin bites you.
You are more poisoned.
The water moccasin poisons you! The water moccasin bites you!
You barely miss the water moccasin.
You punch the water moccasin, but do no damage.
The water moccasin is moderately wounded.
Your +0 spectral trident closely misses the water moccasin.
You feel very sick. The water moccasin closely misses you.
You swap places.
Your +0 spectral trident disappears.
You feel very sick.
You hit the water moccasin.
The water moccasin is heavily wounded.
Your +0 spectral trident misses the water moccasin.
* * * LOW HITPOINT WARNING * * *
You feel very sick. The water moccasin bites you.
* * * LOW HITPOINT WARNING * * *
The water moccasin bites you but does no damage.
You closely miss the water moccasin.
The water moccasin is heavily wounded.
Your +0 spectral trident hits the water moccasin from afar.
* * * LOW HITPOINT WARNING * * *
You feel very sick.
The water moccasin completely misses you.
The water moccasin bites you.
* * * LOW HITPOINT WARNING * * *
You are more poisoned.
The water moccasin poisons you!
It was a potion of degeneration.
There was something very wrong with that liquid.
You feel weakened.
You feel dopey.
You feel clumsy.
Your +0 spectral trident disappears.
You die...

+. . .#. ..# .. .. #.
.# #.###.#
######.....#
........†..# ####.S..#
##### #..+.@..# .....
#.##...###############
#.##...'..............
#.##...###########....
#......#### #....
#.........# #....
##........# #....
#........# #....
#........# #....


You could see a water moccasin.

Vanquished Creatures
  A phantom (D:5)
  A bullfrog (D:4)
  A scorpion (D:4)
  A bullfrog zombie (D:4)
  A hound (D:4)
  2 iguanas
  A scorpion zombie (D:4)
  A howler monkey zombie (D:4)
  6 adders
  An adder zombie (D:4)
  3 dart slugs
  3 ribbon worms (D:2)
  12 orcs
  5 endoplasms
  4 giant cockroaches
  6 goblins
  5 hobgoblins
  2 jackals (D:2)
  8 kobolds
  5 quokkas
  5 ball pythons
  4 bats
  4 frilled lizards
  A quokka zombie (D:4)
  12 rats
95 creatures vanquished.

Notes
Turn   | Place    | Note
-------+----------+-------------------------------------------
     0 | D:1      | NotreDorf the Merfolk Alchemist began the quest for the
                  | Orb.
     0 | D:1      | Reached XP level 1. HP: 13/13 MP: 3/3
   278 | D:1      | Reached XP level 2. HP: 20/20 MP: 1/5
   719 | D:1      | Reached skill level 1 in Fighting
   828 | D:1      | Reached XP level 3. HP: 26/26 MP: 4/6
  1258 | D:1      | Learned a level 2 spell: Mercury Vapours
  1262 | D:1      | Learned a level 3 spell: Mephitic Cloud
  1682 | D:2      | Found a faded altar of an unknown god.
  1697 | D:2      | Reached XP level 4. HP: 25/32 MP: 0/7
  2243 | D:3      | Noticed a +0 great mace
  2243 | D:3      | Noticed a +0 lajatang
  2243 | D:3      | Found Pinymuge's Weapon Emporium.
  2327 | D:3      | Found Xixkiybu's Armour Shoppe.
  2353 | D:3      | Bought a +0 pair of gloves for 45 gold pieces
  2378 | D:3      | Found a white marble altar of Elyvilon.
  2526 | D:3      | Found Gica's Book Shop.
  2674 | D:3      | Found Virghott's Weapon Emporium.
  2681 | D:3      | Found Dewu's Magic Scroll Boutique.
  2686 | D:3      | Reached XP level 5. HP: 38/38 MP: 7/9
  2708 | D:3      | Bought a scroll of identify for 22 gold pieces
  2708 | D:3      | Bought a scroll of identify for 22 gold pieces
  2840 | D:3      | Found an opulent altar of Gozag.
  2912 | D:3      | Found a runed translucent door.
  2913 | D:3      | Noticed Crazy Yiuf
  3607 | D:4      | Reached skill level 5 in Alchemy
  3610 | D:4      | Found a basalt altar of Yredelemnul.
  3618 | D:4      | Reached skill level 1 in Polearms
  3653 | D:4      | Reached XP level 6. HP: 41/46 MP: 10/10
  3879 | D:4      | Learned a level 4 spell: Olgreb's Toxic Radiance
  3893 | D:5      | Entered Level 5 of the Dungeon
  3910 | D:5      | Reached XP level 7. HP: 51/52 MP: 11/11
  4053 | D:5      | HP: 2/52 [water moccasin (6)]
  4054 | D:5      | Succumbed to a water moccasin's poison

Illustrated notes

Levels and vault maps discovered:
D:1:      psy_arrival_heroes, layout_basic, minmay_ruptured
D:2:      layout_rooms, hellmonk_ecumenical_altar_pennies_from_heaven,
          chequers_serial_rivers_small_a, minmay_box_of_dots
D:3:      layout_loops_ring, elyvilon_altar_1,
          nicolae_gozag_cash_rules_everything_around_me, serial_shops,
          nicolae_shop_mannequins, nicolae_shop_statue_plus,
          nicolae_square_shop, nicolae_shop_stone, shop, uniq_crazy_yiuf_cottage
D:4:      layout_rooms, nicolae_yredelemnul_corpse_copse, serial_corexii_hall,
          corexii_hall_statues_i, chequers_hall_statues_corner_a,
          grunt_ministairs_8
D:5:      layout_basic, mainiacjoe_overflow_big_doors,
          minmay_temple_entry_crystal_x

Skill      XL: |  1  2  3  4  5  6 |
---------------+-------------------+-----
Dodging        | 3 4 |  4.9
Fighting       | 1 2 3 |  3.0
Stealth        | 3 4 |  4.2
Alchemy        | 5 |  5.7
Polearms       | 1 2 |  2.6
Spellcasting   | 3 |  3.3
Conjurations   | |  0.7

Action                     |  1- 3 |  4- 6 |  7- 9 || total
---------------------------+-------+-------+-------++-------
  Melee: Short sword       |    48 |    21 |       ||    69
         Punch             |     2 |     2 |     1 ||     5
         Trident           |       |    86 |    23 ||   109
   Cast: Sting             |    56 |    48 |     5 ||   109
    Use: Scroll            |       |     9 |     1 ||    10
         Potion            |       |       |     1 ||     1
   Stab: Sleeping          |       |     5 |       ||     5
 Armour: Robe              |    34 |    43 |    17 ||    94
  Dodge: Dodged            |    43 |    57 |    16 ||   116
